 Dungeon Crawl Stone Soup version 0.14-a0-3320-geb0b70c (webtiles) character file.

148 gy13062 the Sneak (level 4, -5/26 HPs)
             Began as a Gargoyle Assassin on Mar 16, 2014.
             Slain by a worm (9 damage)
             ... on Level 2 of the Dungeon.
             The game lasted 00:04:31 (1208 turns).

gy13062 the Sneak (Gargoyle Assassin)               Turns: 1208, Time: 00:04:31

HP  -5/26        AC  6     Str 15      XL: 4   Next: 34%
MP   4/4         EV 11     Int 11      God:
Gold 71          SH  0     Dex 12      Spells:  0 memorised,  3 levels left

rFire  . . .     SeeInvis .     a - +2 dagger
rCold  . . .     Clarity  .     c - +0 robe
rNeg   + . .     Conserve .     (no shield)
rPois  +         rCorr    .     (no helmet)
rElec  +         rRot     +     d - +0 cloak
SustAb . .       Spirit   .     (no gloves)
rMut   .         Warding  .     (no boots)
Saprov . . .     Stasis   .     (no amulet)
MR     .....                    (no ring)
                                (no ring)

@: not resistant to hostile enchantments, quite stealthy
A: life protection 1, electricity resistance, unbreathing, petrification
resistance, AC +3
a: no special abilities


You were on level 2 of the Dungeon.
You were not hungry.

You visited 1 branch of the dungeon, and saw 2 of its levels.

You collected 71 gold pieces.

Inventory:

Hand weapons
 a - a +2,+2 dagger (weapon)
 b - a +0 blowgun
Missiles
 e - 19 poisoned needles
 f - 2 curare-tipped needles
Armour
 c - a +0 robe (worn)
 d - a +0 cloak (worn)
Comestibles
 g - a bread ration
Scrolls
 h - a scroll of enchant armour {unknown}
 k - 2 scrolls of identify {unknown}
 m - a scroll of magic mapping {unknown}
 n - 2 scrolls of immolation {unknown}
 o - 2 scrolls of remove curse {unknown}
 r - a scroll of fog {unknown}
 u - a scroll of noise {unknown}
 v - a scroll of teleportation {unknown}
Jewellery
 t - an uncursed amulet of rage {unknown}
Potions
 i - a potion of restore abilities {unknown}
 l - a potion of brilliance {unknown}
 p - 2 potions of resistance {unknown}
 s - a potion of heal wounds {unknown}
Books
 q - a book of Fire

   Spells                             Type                      Level
   Fire Brand                         Charms/Fire                  2
   Ignite Poison                      Fire/Transmutation           5
   Fireball                           Conjuration/Fire             5
   Bolt of Fire                       Conjuration/Fire             6
   Delayed Fireball                   Conjuration/Fire             7
   Ring of Flames                     Charms/Fire                  7


   Skills:
 - Level 2.1 Fighting
 - Level 1.7 Short Blades
 - Level 2.0 Throwing
 - Level 0.7 Dodging
 + Level 6.5 Stealth


You had 3 spell levels left.
You didn't know any spells.

Dungeon Overview and Level Annotations

Branches:
Dungeon (2/15)

Altars:


Innate Abilities, Weirdness & Mutations

You are resistant to torment.
You are immune to poison.
Your stone body is very resilient (AC +3).
You resist negative energy.
You are resistant to electric shocks.
You can survive without breathing.
You are immune to petrification.


Message History

You are too injured to fight recklessly!
You are too injured to fight recklessly!
You are too injured to fight recklessly!
You are too injured to fight recklessly!
You are too injured to fight recklessly!
You are too injured to fight recklessly!
You are too injured to fight recklessly!
You are too injured to fight recklessly!
You are too injured to fight recklessly!
You hit the worm.
The worm is almost dead.
You completely miss the worm.
The worm is almost dead.
The worm bites you but does no damage.
You hit the worm.
The worm is almost dead.
You barely miss the worm.
The worm is almost dead.
The worm bites you!
You die...

##### #...# ###### #...# ##
.....###########...#####...###
................@w...<........
.....#########.#...#####.....#
###### #.>.#### ...
#......###### # #............
####.#...###### #......#####
#......#...# #.....(#...#


You could see a worm.

Vanquished Creatures
  Jessica (D:2)
  3 adders (D:2)
  A giant gecko (D:1)
  An ooze (D:1)
  4 bats
  2 goblins
  9 hobgoblins
  2 giant cockroaches (D:1)
  5 giant newts
  5 kobolds
  3 rats (D:1)
36 creatures vanquished.

Notes
Turn   | Place    | Note
--------------------------------------------------------------
     0 | D:1      | gy13062, the Gargoyle Assassin, began the quest for the Orb.
     0 | D:1      | Reached XP level 1. HP: 12/12 MP: 1/1
   319 | D:1      | Reached XP level 2. HP: 15/17 MP: 2/2
   373 | D:1      | Reached skill level 5 in Stealth
   564 | D:1      | Reached XP level 3. HP: 14/21 MP: 3/3
  1067 | D:2      | Noticed Jessica
  1080 | D:2      | Killed Jessica
  1080 | D:2      | Reached skill level 6 in Stealth
  1112 | D:2      | Reached XP level 4. HP: 18/26 MP: 4/4
  1208 | D:2      | Slain by a worm

Action                   |  1- 3 |  4- 6 || total
-------------------------+-------+-------++-------
Melee: Dagger            |   112 |    25 ||   137
  Use: Potion            |     1 |     1 ||     2
 Stab: Sleeping          |     7 |     2 ||     9
